[Event "Late-Titled-Tuesday-Blitz-April-30-2024"]
[Site "Chess.com"]
[Date "2024.04.30"]
[Round "6"]
[White "superchess02"]
[Black "MKlose11"]
[Result "0-1"]
[WhiteElo "2856"]
[BlackElo "2664"]
[TimeControl "180+1"]
[EndTime "15:08:26 PDT"]
[Termination "MKlose11 won by checkmate"]

1. d4 Nf6 2. c4 c5 3. d5 b5 4.
cxb5 a6 5. bxa6 Bxa6 6. Nc3 g6 7.
Nf3 d6 8. g3 Bg7 9. Bg2 O-O 10.
O-O Nbd7 11. Rb1 Qb6 12. Qc2 Rfb8 13. b3 Ne8 14. Bb2 Nc7 15. Nd2 Nb5 16. Nc4 Qd8 17. Nxb5 Bxb5 18. Bxg7 Kxg7 19. Ne3 Qa5 20. a4 Ba6 21. Qb2+ Kg8 22. Ng4 f6 23. Bh3 Nf8 24. Qc2 Rb4 25. Ne3 Rab8 26. Bg2 Qb6 27. Be4 Rxb3 28.
a5 Qb4 29. Rxb3 Qxb3 30. Qxb3 Rxb3 31. Bd3 Bxd3 32. exd3 Ra3 33. Nc4 Ra4 34. Rb1 Nd7 35.
f4 f5 36. Rb7 Nf6 37. Rxe7 Nxd5 38. Rd7 Nb4 39. Rxd6 Kf7 40. Rd7+ Ke6 41. Rd6+ Ke7 42. Kf2 Ra2+ 43. Kf3 Nc2 44. Rd5 Nd4+ 45. Rxd4 cxd4 46. h3 h5 47. g4 h4 48. Ne5 Kf6 49. g5+ Kg7 50.
Nc6 Rd2 51. Nb4 Rb2 52. Nc6 Rh2 53. a6 Rxh3+ 54. Kg2 Rxd3 55. a7 Ra3 56. Nxd4 h3+ 57. Kh2 Rxa7 58. Ne6+ Kf7 59. Nc5 Ra3 60. Nd7 Ke6 61.
Ne5 Kd5 62. Nxg6 Ke4 63. Kh1 Kf3 64. Kh2 Kg4 65. Ne5+ Kxf4 66. Nf7 Kg4 67. Nh6+ Kxg5 68. Nf7+ Kh4 69. Nd6 Ra2+ 70. Kh1 Kg4 71. Nc4 Kg3 72. Ne3 Ra1+ 73. Nf1+ Rxf1# 0-1

[Event "Late-Titled-Tuesday-Blitz-April-30-2024"]
[Site "Chess.com"]
[Date "2024.04.30"]
[Round "6"]
[White "XDPS"]
[Black "FabianoCaruana"]
[Result "1/2-1/2"]
[WhiteElo "2836"]
[BlackElo "3084"]
[TimeControl "180+1"]
[EndTime "15:08:36 PDT"]
[Termination "Game drawn - insufficient material"]

1. d4 Nf6 2. c4 e6 3. Nc3 Bb4 4. e3 O-O 5. Bd2 d5 6. Nf3 Nbd7 7. Rc1 Be7 8. Bd3 dxc4 9. Bxc4 a6 10. O-O b5 11. Bb3 c5 12. dxc5 Nxc5 13. Bc2 Bb7 14. Qe2 Qb6 15. Rfd1 Rfd8 16. Be1 b4 17. Na4 Nxa4 18.
Bxa4 a5 19. Ne5 Rxd1 20. Rxd1 Rd8 21. Bb3 Bd6 22. Nc4 Qc6 23. f3 Bc7 24. Rxd8+ Bxd8 25.
Qd3 Qd5 26. Qxd5 exd5 27. Nd6 Bc6 28. Nf5 Nd7 29. Bc2 Bf6 30. a3 bxa3 31. bxa3 a4 32. Bb4 Nb6 33. Ne7+ Bxe7 34. Bxe7 Nc4 35. Bc5 h6 36.
Kf2 f6 37. h4 Kf7 38. h5 Ke6 39. g4 Ne5 40. Bf5+ Kf7 41. f4 Nc4 42. Bg6+ Kg8 43. Bd3 Kf7 44. Bc2 Bb5 45. Bg6+ Kg8 46. e4 dxe4 47.
Bxe4 Nd2 48. Bd5+ Kh7 49. Ke3 Nb3 50. Bb4 Bd7 51. f5 Bb5 52. Be4 Nc1 53. Bc2 Nb3 54.
Bd1 Kg8 55. Bd6 Bc6 56. Bc2 Kf7 57. Bb4 Bb5 58. Bd6 Kg8 59. Bd1 Bc6 60. Be2 Kh7 61. Bc4 Na1 62. Bd3 Nb3 63. Bc4 Na1 64. Bb4 Nc2+ 65.
Kd2 Nd4 66. Ke3 Nf3 67. Be2 Ne5 68. Bc3 Kg8 69. Bxe5 fxe5 70. Bf3 Bb5 71. Bd5+ Kf8 72. Ke4 Be2 73. Kxe5 Bxg4 74. Bc6 Bxh5 75. Bxa4 Bf3 76. Bc2 Ke7 77. a4 Kd7 78. a5 Kc7 79. f6 gxf6+ 80. Kxf6 Kb7 81. Kg6 Ka6 82. Kxh6 Kxa5 1/2-1/2

[Event "Late-Titled-Tuesday-Blitz-April-30-2024"]
[Site "Chess.com"]
[Date "2024.04.30"]
[Round "6"]
[White "Pig-filth"]
[Black "vladgoncharov"]
[Result "1/2-1/2"]
[WhiteElo "2311"]
[BlackElo "2599"]
[TimeControl "180+1"]
[EndTime "15:08:38 PDT"]
[Termination "Game drawn by stalemate"]

1. d4 Nf6 2. Bg5 e6 3. Nd2 d5 4.
Ngf3 h6 5. Bh4 c5 6. e3 Nc6 7. c3 Be7 8. Bd3 b6 9. O-O Bb7 10. Ne5 Nxe5 11. dxe5 Nd7 12. Bg3 O-O 13. Qh5 f5 14.
exf6 Nxf6 15. Qg6 Qe8 16. Nf3 Qxg6 17. Bxg6 Ne4 18. Bxe4 dxe4 19. Ne5 Rfd8 20. Rfd1 Rd5 21. c4 Rxd1+ 22. Rxd1 Rd8 23. Rxd8+ Bxd8 24. b3 Kf8 25. Kf1 Ke8 26. Ke2 a6 27. Ng6 Kf7 28. Ne5+ Ke8 29.
Kd2 Bf6 30. Ng6 Kf7 31. Ne5+ Ke7 32. Ng6+ Kd7 33. Ne5+ Kc8 34. Nf7 Bc6 35. a4 h5 36. h4 Be8 37. Ne5 Kb7 38. f3 exf3 39.
gxf3 b5 40. axb5 axb5 41. e4 g5 42. hxg5 Bxg5+ 43. f4 Bf6 44. Nf3 bxc4 45. bxc4 Bc6 46. e5 Bg7 47. Ng5 Bd7 48. Ke3 Ka6 49. Ne4 Kb6 50. Kd3 Be8 51. Bf2 Bf8 52. Nf6 Bg6+ 53.
Kc3 Kc6 54. Kd2 Bh6 55. Ke3 Bf8 56. Ne4 Be7 57. Ng5 Bf5 58. Bh4 Bd8 59. Nf3 Ba5 60. Be1 Bc7 61. Bh4 Kb6 62. Kd2 Bg4 63. Ng5 Kc6 64. Ne4 Ba5+ 65. Kd3 Bf5 66. Bf2 Bb4 67. Ke3 Ba3 68. Nd6 Bg4 69. Kd3 Bb2 70. Ne4 Bf5 71.
Bxc5 Bxe4+ 72. Kxe4 Kxc5 73. f5 h4 74. fxe6 Kc6 75. Kf3 Bxe5 76. Kg2 Bf6 77. Kh3 Be7 78. Kg2 Kc5 79. Kh1 Kxc4 80. Kg2 Kd5 81. Kh1 Kxe6 82. Kg2 Kf5 83. Kh1 Kg4 84. Kg2 h3+ 85. Kh1 Bd6 86.
Kg1 Kg3 87. Kh1 h2 1/2-1/2

[Event "Late-Titled-Tuesday-Blitz-April-30-2024"]
[Site "Chess.com"]
[Date "2024.04.30"]
[Round "6"]
[White "DrVelja"]
[Black "Revan_2002"]
[Result "1-0"]
[WhiteElo "2971"]
[BlackElo "2764"]
[TimeControl "180+1"]
[EndTime "15:08:41 PDT"]
[Termination "DrVelja won by resignation"]

1. e4 e5 2. Nf3 Nc6 3. Bb5 a6 4. Ba4 d6 5. O-O Bd7 6. c4 Nf6 7. Re1 g6 8. Bxc6 bxc6 9. d4 Qe7 10.
b3 Bg4 11. Bb2 Nd7 12. Nbd2 Bg7 13. h3 Bxf3 14. Nxf3 O-O 15. Qc2 c5 16. dxc5 Nxc5 17. b4 Ne6 18. c5 dxc5 19. Nxe5 cxb4 20. Nc6 Qc5 21. Qxc5 Nxc5 22. Bxg7 Kxg7 23. Nxb4 a5 24. Nd5 c6 25. Nb6 Ra6 26. Nc4 a4 27. f3 Rd8 28.
Red1 Rxd1+ 29. Rxd1 a3 30. Rc1 Nd3 31. Rb1 c5 32. Rb3 Nb4 33. Nxa3 Nxa2 34. h4 Nc1 35.
Re3 Ra4 36. Kf1 c4 37. g3 Nb3 38. Nxc4 Nd4 39. Ne5 Ra1+ 40. Kg2 Ra2+ 41. Kh3 h5 42. f4 Ne2 43. Nf3 Rc2 44. e5 Nc3 45. e6 fxe6 46. Rxe6 Ne2 47. Re3 Kf6 48. Re5 Ra2 49. Rb5 Kf7 50.
Rc5 Kf6 51. Rc6+ Kg7 52. Re6 Kf7 53. Re3 Kf6 54. Rd3 Kg7 55. Rd1 Kf6 56. Re1 Nc3 57. Re3 Ne2 58. Re4 Kf7 59. Rb4 Kf6 60. Rb1 Kg7 61.
Re1 Kf6 62. Ne5 Nd4 63. Nd3 Nf3 64. Rh1 Kf5 65. Ne1 Ra1 66. Nxf3 Rxh1+ 67. Kg2 Ra1 68. Ne5 Ra2+ 69. Kh3 Ra6 70. Kg2 Ke4 71. Kh3 Ke3 72. Kg2 Ke2 73. Kg1 Ke3 74. Kg2 Ke4 75.
Kg1 Kf5 76. Kg2 Ra3 77. Kh3 Ra2 78. Nf3 Re2 79. Nd4+ 1-0

[Event "Late-Titled-Tuesday-Blitz-April-30-2024"]
[Site "Chess.com"]
[Date "2024.04.30"]
[Round "6"]
[White "Binary010"]
[Black "IlanSchnaider"]
[Result "1-0"]
[WhiteElo "2925"]
[BlackElo "2741"]
[TimeControl "180+1"]
[EndTime "15:08:42 PDT"]
[Termination "Binary010 won by checkmate"]

1. e4 c5 2. Nf3 d6 3. d4 cxd4 4. Nxd4 Nf6 5. Nc3 a6 6. Rg1 e5 7. Nb3 b5 8. a4 b4 9. Nd5 Bb7 10.
Bg5 Nbd7 11. Bc4 Be7 12. Nxe7 Qxe7 13. f3 h6 14. Bh4 Rc8 15. Qd3 O-O 16. Na5 Nb6 17.
Bb3 Ba8 18. Qxa6 Nbd7 19. Nc4 Rc6 20. Qa7 g5 21. Bf2 Rfc8 22. Nb6 Rxb6 23. Bxb6 Bc6 24. Bf2 Qd8 25. Rd1 Ra8 26. Qe3 Bxa4 27. Rxd6 Bxb3 28. Qxb3 Qc7 29. Rd1 Nf8 30. Qxb4 Ne6 31. Qc3 Qb8 32. Be3 Nh5 33. g3 Qb5 34. Kf2 g4 35.
fxg4 Nf6 36. Qd3 Nxg4+ 37. Kg2 Qc6 38. Rgf1 Qxc2+ 39. Bf2 Qc6 40. h3 Nf6 41. Rfe1 Ng5 42. Rc1 Qb7 43. h4 Ngxe4 44. Qf3 Qxb2 45. Rxe4 Nxe4 46.
Qxe4 Ra2 47. Rf1 Qb8 48. Kg1 Ra3 49. Re1 Qb2 50. Qxe5 Qd2 51. Qe8+ Kg7 52. Qe5+ Kg8 53. Qe2 Qb4 54. Rd1 Ra8 55. Qd3 Qg4 56. Qd4 Qf3 57.
Qd5 Qa3 58. Rd3 Qa1+ 59. Kg2 Re8 60. Rf3 Qg7 61. Qf5 Re7 62. Rf4 h5 63. Rf3 Re6 64.
Qxh5 Rg6 65. Qf5 Re6 66. Rf4 Rg6 67. Rf3 Re6 68. Qf4 Rg6 69. Qb8+ Kh7 70. Qe8 Rg4 71.
Qxf7 Rg6 72. Qxg7+ Rxg7 73. Kh3 Rd7 74. g4 Rd2 75.
Bg3 Rb2 76. g5 Kg6 77. Kg4 Rb4+ 78. Rf4 Rb3 79. h5+ Kh7 80. Ra4 Kh8 81. Ra8+ Kh7 82. Ra7+ Kh8 83. h6 Kg8 84. h7+ Kf8 85. h8=Q# 1-0

[Event "Late-Titled-Tuesday-Blitz-April-30-2024"]
[Site "Chess.com"]
[Date "2024.04.30"]
[Round "6"]
[White "gmcorrales"]
[Black "Perecke"]
[Result "1-0"]
[WhiteElo "2816"]
[BlackElo "2563"]
[TimeControl "180+1"]
[EndTime "15:08:44 PDT"]
[Termination "gmcorrales won by resignation"]

1. e4 c5 2. Nf3 e6 3. d4 cxd4 4. Nxd4 Nc6 5. Nc3 Qc7 6. g3 a6 7. Bg2 Nf6 8. O-O Bc5 9. Bf4 e5 10. Nb3 Bb4 11. Nd5 Nxd5 12. exd5 exf4 13. dxc6 dxc6 14.
Qd4 Bf8 15. Rfe1+ Be6 16. Bh3 fxg3 17. hxg3 Qd6 18. Bxe6 fxe6 19. Qg4 O-O-O 20. Rad1 h5 21. Rxd6 hxg4 22. Rxd8+ Kxd8 23. Rxe6 Be7 24. Rg6 Bf6 25.
c3 Re8 26. Kf1 Re4 27. Nc5 Rc4 28. Nxb7+ Kc7 29. Na5 Ra4 30. Nb3 Rxa2 31. Nc5 a5 32.
Nd3 Ra4 33. Ke2 Kd6 34. Kd2 Re4 35. Nf4 c5 36. Rxg4 g5 37. f3 Ra4 38. Ng2 Rxg4 39.
fxg4 Be5 40. Kd3 Bxg3 41. Ke4 Bh4 42. b3 Ke6 43. c4 Kf6 44. Ne3 Bf2 45. Nd5+ Ke6 46. Nc3 Be1 47. Na4 Bf2 48. Nb2 Bd4 49. Nd3 Bg1 50. Ne5 Bd4 51. Nf3 Bf6 52. Kd3 Be7 53.
Ke3 Bf6 54. Ke4 Be7 55. Ng1 Bf6 56. Ne2 Be5 57. Nc1 Bc3 58. Nd3 Bd4 59. Ne1 Bf2 60.
Nc2 Bg1 61. Na3 Bf2 62. Kf3 Be1 63. Ke4 Bf2 64. Nb1 Bg1 65. Nd2 Bd4 66. Nf3 Bf6 67.
Ke3 Be7 68. Kd3 Bf6 69. Kc2 Be7 70. Kb2 Bd8 71. Ka3 Kd6 72. Ka4 Kc6 73. Ne5+ Kb6 74.
Nf7 Be7 75. Nh6 Ka6 76. Nf5 Bf6 77. Ne3 Be7 78. Nd5 Bd8 79. Ka3 Kb7 80. Kb2 Kc6 81.
Kc2 Kd6 82. Kd3 Ke5 83. Ke3 Bf6 84. Nc7 Bd8 85. Nb5 Bb6 86. Nc3 Bd8 87. Ne4 Be7 88. Nd2 Bf6 89. Nf3+ Ke6 90. Ke4 Bc3 91. Nxg5+ Kf6 92.
Nf3 Ke6 93. Kf4 Kf7 94. Kf5 1-0

[Event "Late-Titled-Tuesday-Blitz-April-30-2024"]
[Site "Chess.com"]
[Date "2024.04.30"]
[Round "6"]
[White "super_emi_26"]
[Black "rasmussvane"]
[Result "1/2-1/2"]
[WhiteElo "2769"]
[BlackElo "2951"]
[TimeControl "180+1"]
[EndTime "15:08:46 PDT"]
[Termination "Game drawn by repetition"]

1. b3 d5 2. Bb2 Nf6 3. e3 Bf5 4.
f4 e6 5. Nf3 Be7 6. g3 O-O 7.
Bg2 c5 8. O-O Nc6 9. d3 h6 10.
Nbd2 Bh7 11. Qe2 b5 12. Ne5 Rc8 13. Ndf3 Nxe5 14. Nxe5 Nd7 15. a4 Nxe5 16. Bxe5 b4 17. e4 Bf6 18. exd5 exd5 19. Rae1 c4 20. dxc4 dxc4 21. Kh1 cxb3 22. cxb3 Rc2 23. Qf3 Bxe5 24. fxe5 Rc3 25. Qd5 Rd3 26. Qc4 Rd4 27. Qc5 Qb6 28.
Qe7 Qe6 29. Qxa7 Rd2 30. Qe3 Rd3 31. Qc5 Rc8 32. Qxb4 Rxb3 33. Qd6 Rb2 34. Qxe6 fxe6 35. Bh3 Rc6 36. Rc1 Be4+ 37. Kg1 Ra6 38. Rc4 Bd5 39.
Rcf4 Ra2 40. R1f2 Ra1+ 41. Rf1 R1xa4 42. Rxa4 Rxa4 43. Re1 Ra2 44. Bf1 g5 45. g4 Kg7 46.
h3 Kg6 47. Re2 Ra3 48. Bg2 Bxg2 49. Kxg2 h5 50. Re4 h4 51. Re2 Rg3+ 52. Kh2 Kf7 53. Rf2+ Ke7 54. Re2 Rd3 55. Kg2 Kd7 56. Rf2 Rg3+ 57.
Kh2 Re3 58. Rf7+ Kc6 59. Rg7 Rxe5 60. Kg2 Kd5 61. Kf3 Kd4 62. Re7 Re3+ 63. Kg2 Ke5 64. Rg7 Rg3+ 65. Kh2 Kf6 66. Rg8 Rd3 67. Rf8+ Ke7 68.
Rg8 Kf6 69. Rf8+ Kg7 70. Re8 Kf7 71. Rh8 e5 72. Kg2 e4 73. Rh5 Kf6 74. Rh8 Rd2+ 75. Kf1 Rd3 76. Rf8+ Kg7 77. Re8 Re3 78. Kf2 Rf3+ 79.
Kg2 Rf4 80. Re5 Kf6 81. Re8 Kf7 82. Re5 Kg6 83. Re6+ Kg7 84. Re5 Kf6 85. Re8 Kg6 86. Re6+ Kg7 87. Re5 1/2-1/2

[Event "Late-Titled-Tuesday-Blitz-April-30-2024"]
[Site "Chess.com"]
[Date "2024.04.30"]
[Round "6"]
[White "KorolDimitriy75"]
[Black "Artem_Koval"]
[Result "1-0"]
[WhiteElo "2374"]
[BlackElo "2537"]
[TimeControl "180+1"]
[EndTime "15:08:51 PDT"]
[Termination "KorolDimitriy75 won on time"]

1. d4 d5 2. c4 e6 3. Nc3 Nf6 4. Bg5 Be7 5. cxd5 exd5 6. e3 c6 7. Bd3 O-O 8. Qc2 Nbd7 9. Nge2 h6 10. Bh4 Re8 11. O-O a5 12. f3 b5 13. Rad1 Qb6 14.
Bf2 Ba6 15. h3 b4 16. Na4 Bxd3 17. Rxd3 Qb5 18. b3 Rac8 19. Rfd1 Bd6 20. R3d2 c5 21. dxc5 Nxc5 22. Nxc5 Bxc5 23. Qd3 Qb6 24. Nd4 Bd6 25. Nf5 Be5 26. e4 dxe4 27. Bxb6 exd3 28. Rxd3 Rc2 29.
R3d2 Rxd2 30. Rxd2 Bc3 31. Rd8 Rxd8 32. Bxd8 Nd5 33. Bxa5 g6 34. Nd6 Bd4+ 35. Kh1 Bc5 36. Ne4 Be7 37. Kg1 f5 38. Nd2 Bg5 39. Nc4 Be7 40.
Kf2 Kf7 41. g3 Ke6 42. Ke2 Nc3+ 43. Kd3 Nxa2 44. Kd4 Nc1 45. Nd2 Ne2+ 46. Kc4 Nxg3 47. Bxb4 Bxb4 48. Kxb4 g5 49. Kc5 h5 50. b4 h4 51. b5 g4 52. fxg4 fxg4 53. hxg4 h3 54. Nf3 Ne4+ 55. Kc6 Nd2 56. Nh2 Nb3 57. b6 Ke5 58. b7 Na5+ 59. Kc7 Nxb7 60. Kxb7 Kf4 61. Kc6 Kg3 62. g5 Kxh2 63. g6 Kh1 64. g7 h2 65. Kd5 Kg1 66. g8=Q+ Kh1 67. Qh7 Kg1 68.
Qg6+ Kh1 69. Qe4+ Kg1 70. Qg4+ Kh1 71. Qe2 Kg1 72. Qe3+ Kg2 73. Qe2+ Kg1 74. Qg4+ Kh1 75. Qf3+ Kg1 76. Qg3+ Kh1 77. Qf3+ Kg1 78. Qe3+ Kh1 79. Ke4 Kg2 80. Qe2+ Kg1 81. Kf3 h1=Q+ 82. Kg3 Qh3+ 83. Kxh3 1-0

[Event "Late-Titled-Tuesday-Blitz-April-30-2024"]
[Site "Chess.com"]
[Date "2024.04.30"]
[Round "6"]
[White "WoodlandMagic"]
[Black "Goryachkina"]
[Result "1/2-1/2"]
[WhiteElo "2869"]
[BlackElo "2709"]
[TimeControl "180+1"]
[EndTime "15:09:03 PDT"]
[Termination "Game drawn by repetition"]

1. e4 c5 2. Nf3 e6 3. c3 d5 4. e5 Nc6 5. d4 Nge7 6. Be2 Nf5 7.
dxc5 Bxc5 8. Bd3 Nh4 9. Nbd2 Ng6 10. Nb3 Bb6 11. Qe2 Qc7 12. Bxg6 fxg6 13. h4 h6 14. Bf4 O-O 15. g3 a5 16. Nbd4 Nxd4 17. Nxd4 Bxd4 18.
cxd4 b6 19. Rc1 Qf7 20. Qg4 Bd7 21. Kd2 Rac8 22. Rxc8 Rxc8 23. Rc1 Rc4 24. Be3 Rxc1 25. Kxc1 Bb5 26. Kd2 a4 27. a3 Bc4 28. Qf4 Qd7 29.
Qg4 Kh7 30. h5 g5 31. Qd1 Qf7 32. Qc2+ Kg8 33. g4 b5 34. Ke1 Qf3 35. Kd2 Qxg4 36. Qg6 Qe2+ 37. Kc1 Qe1+ 38. Kc2 Bb3+ 39. Kd3 Qb1+ 40.
Kc3 Qxg6 41. hxg6 Bc4 42. Kb4 g4 43. Bf4 Bd3 44. Bg3 Bxg6 45. Kxb5 Bc2 46. Kc6 Kf7 47.
Kd6 g5 48. Bh2 h5 49. Bg1 h4 50. Bh2 Bf5 51. Kd7 Kg6 52. Kc6 Kh5 53. Kb5 Bc2 54. Kc5 Kg6 55. Kd6 Kf5 56. Ke7 Bb3 57. Kf7 Bc4 58. Ke7 Bd3 59. Kf7 Bc4 60.
Ke7 Bb3 61. Kf7 Ke4 62. Kxe6 Kxd4 63. Kf6 Bc4 64. e6 Bb5 65. Kxg5 Kc4 66. Kxh4 d4 67. Kxg4 d3 68. Bf4 Kb3 69. Be3 Kxb2 70. f4 Kxa3 71. f5 Bc4 72. Kf4 Kb3 73. Ke5 a3 74. f6 a2 75. Bd4 d2 76. f7 d1=Q 77. f8=Q Qe2+ 78. Kd6 Qxe6+ 79. Kc7 Qd5 80. Qf4 Qa5+ 81. Kc8 Qa6+ 82. Kc7 Qa5+ 83. Kc8 Be6+ 84. Kb8 Qb5+ 85. Kc7 Qc4+ 86. Kd6 Qd5+ 87. Kc7 Qc4+ 88. Kd6 Qd5+ 89. Kc7 Qc4+ 1/2-1/2

[Event "Late-Titled-Tuesday-Blitz-April-30-2024"]
[Site "Chess.com"]
[Date "2024.04.30"]
[Round "6"]
[White "Individoom"]
[Black "Valiyev_Shahin"]
[Result "1-0"]
[WhiteElo "2779"]
[BlackElo "2560"]
[TimeControl "180+1"]
[EndTime "15:09:04 PDT"]
[Termination "Individoom won on time"]

1. e4 c5 2. d4 cxd4 3. c3 Nf6 4. e5 Nd5 5. Nf3 d6 6. Bc4 dxe5 7.
Nxe5 e6 8. Qxd4 Nc6 9. Nxc6 bxc6 10. O-O Qf6 11. Qxf6 gxf6 12. Nd2 Rg8 13. g3 Bb7 14.
Nb3 Rd8 15. Na5 Ba8 16. Bb3 Bd6 17. c4 Nf4 18. Bxf4 Bxf4 19. c5 Be5 20. Ba4 Kd7 21.
Nc4 Kc7 22. Rac1 Bd4 23. b4 Bb7 24. Nd6 Rxd6 25. cxd6+ Kxd6 26. Rfd1 e5 27. Bb3 Rg7 28. Rc2 f5 29. Rcd2 c5 30. bxc5+ Kxc5 31. Rc2+ Kd6 32. Rc4 f6 33. Rcxd4+ exd4 34. Rxd4+ Ke5 35. Ra4 Rc7 36. Kf1 Bf3 37. Ke1 Be4 38. Kd2 f4 39. Ra5+ Kd4 40. Ra4+ Ke5 41. Ra5+ Kd4 42. gxf4 Rd7 43. Ke2 f5 44.
Re5 Bd3+ 45. Kf3 Be4+ 46. Ke2 Bd3+ 47. Kd2 Be4 48. Bc2 Kc4+ 49. Kc1 Kd4 50. Bxe4 fxe4 51. Ra5 Rf7 52. f5 Kd3 53. Kd1 Rg7 54. Rd5+ Kc4 55. Ra5 Kd3 56. Ra3+ Kd4 57. Rg3 Rb7 58. Kd2 Rb2+ 59.
Ke1 Ke5 60. Ra3 Rb7 61. Ra5+ Kf4 62. Kd2 Rb2+ 63. Ke1 Rb7 64. Ke2 Rb2+ 65. Kf1 Kf3 66. Ra3+ Kf4 67. Ra5 Rb1+ 68. Kg2 Rb7 69. h3 Rf7 70.
Rb5 Rg7+ 71. Kf1 Rc7 72. Ra5 h5 73. Kg2 h4 74. Kf1 Rc1+ 75. Kg2 Rc7 76. Ra4 Kxf5 77. Ra5+ Kf4 78. Rh5 Rg7+ 79. Kf1 Rc7 80. Rh8 Rc1+ 81. Kg2 Rc2 82. Rxh4+ Kg5 83. Rxe4 Rxa2 84. Re5+ 1-0

[Event "Late-Titled-Tuesday-Blitz-April-30-2024"]
[Site "Chess.com"]
[Date "2024.04.30"]
[Round "6"]
[White "ACollins05"]
[Black "Durarbayli"]
[Result "0-1"]
[WhiteElo "2574"]
[BlackElo "2913"]
[TimeControl "180+1"]
[EndTime "15:09:20 PDT"]
[Termination "Durarbayli won by checkmate"]

1. Nf3 c5 2. e3 d5 3. b3 a6 4. Bb2 Nc6 5. d4 Nf6 6. Be2 cxd4 7. Nxd4 Nxd4 8. Bxd4 Bf5 9. O-O e6 10. c4 dxc4 11.
Bxc4 Bd6 12. Nd2 O-O 13. Nf3 Ne4 14. Qe2 Qe7 15. Rfd1 Rac8 16. Bb2 Bb8 17. Rac1 h6 18. Bd3 Rxc1 19. Rxc1 Rd8 20. h3 Qd6 21. Be5 Qxd3 22. Qxd3 Rxd3 23. Bxb8 Nc3 24. Ra1 f6 25. Bc7 Nd5 26.
Ba5 b6 27. Be1 e5 28. Rc1 a5 29. Kf1 a4 30. bxa4 Ra3 31. Rd1 Bd3+ 32. Kg1 e4 33.
Nd4 Rxa2 34. f3 Nxe3 35. Rd2 Rxa4 36. fxe4 Rxd4 37. Bf2 Nc4 38. Bxd4 Nxd2 39. Bxb6 Nxe4 40. Be3 h5 41. g4 h4 42. Kg2 g5 43. Kf3 Kf7 44.
Bd4 Nd6 45. Ke3 Bf1 46. Kf3 Bxh3 47. Bg1 Nc4 48. Bh2 Ne5+ 49. Ke4 Ke6 50. Bg1 Bxg4 51.
Bh2 Bf3+ 52. Ke3 Bd5 53. Bg1 Nf3 54. Bf2 h3 55. Bg3 Kf5 56. Kf2 Kg4 57. Bc7 f5 58. Bb8 Be4 59. Bc7 Nd2 60. Bh2 Nc4 61. Bg3 Na5 62.
Bh2 Nc6 63. Ke3 Ne7 64. Bd6 Ng6 65. Bh2 Nh4 66. Kf2 Ng2 67. Bg3 Bd5 68. Bh2 Be6 69.
Bg3 Bf7 70. Bh2 Bg6 71. Bg3 Bh5 72. Bh2 Nh4 73. Bg3 Nf3 74. Bc7 f4 75. Bd8 Bg6 76.
Ba5 Bf5 77. Bb4 Be6 78. Bd6 Bd7 79. Bc7 Bc6 80. Bb8 Bb7 81. Bc7 Ba8 82. Bb8 Kf5 83. Bc7 g4 84. Bb8 g3+ 85. Ke2 Kg4 86. Bc7 h2 87.
Bb6 Bb7 88. Kd3 Bc6 89. Kc4 h1=N 90. Kc5 Ba8 91. Kd6 g2 92. Ba7 Be4 93. Bb6 g1=N 94. Ba7 Ne2 95. Bb6 Nhg3 96. Ke7 Nf5+ 97. Kf7 Ng5+ 98.
Ke8 f3 99. Ba7 Nh3 100. Bb6 Nfd4 101. Bc7 f2 102. Bb6 f1=N 103. Bxd4 Nxd4 104. Kd7 Ne3 105. Kd6 Nf3 106. Kc5 Bg6 107. Kd6 Nf4 108. Kc5 Kf5 109. Kd6 Ne5 110. Kc5 Ne6+ 111. Kd6 N3c4+ 112. Kd5 Nb6+ 113. Kd6 Bh5 114. Ke7 Nc8# 0-1

[Event "Late-Titled-Tuesday-Blitz-April-30-2024"]
[Site "Chess.com"]
[Date "2024.04.30"]
[Round "6"]
[White "BardArtem"]
[Black "Sanan_Sjugirov"]
[Result "1-0"]
[WhiteElo "2805"]
[BlackElo "2996"]
[TimeControl "180+1"]
[EndTime "15:10:01 PDT"]
[Termination "BardArtem won by resignation"]

1. e4 c6 2. d4 d5 3. e5 Bf5 4. h4 Qc8 5. c4 e6 6. Nc3 h6 7.
Bd3 Bxd3 8. Qxd3 dxc4 9. Qxc4 Nd7 10. Nf3 Nb6 11. Qd3 Ne7 12. Bd2 Qd7 13. Rc1 Nf5 14.
g4 Ne7 15. h5 Ned5 16. Ne4 Be7 17. Kf1 O-O-O 18. b3 Qc7 19. a4 a6 20. Ba5 Bb4 21.
Bxb4 Nxb4 22. Qc3 N6d5 23. Qc4 Kb8 24. Nd6 Rxd6 25. exd6 Qxd6 26. Ne5 f6 27. Nd3 Nxd3 28. Qxd3 Ka8 29. Re1 Re8 30. Qe4 Nf4 31. b4 e5 32.
b5 cxb5 33. axb5 Re6 34. Qc2 Qd5 35. Qc8+ Ka7 36. Qc5+ Qxc5 37. dxc5 axb5 38. Ra1+ Kb8 39. Rb1 Kc7 40. Rxb5 Ra6 41. Rb1 Kc6 42. Rg1 Nd3 43.
Rg3 Nxc5 44. Rd1 Ra2 45. Rd8 b6 46. Kg2 Ne6 47. Re8 Kd7 48. Rb8 Nf4+ 49. Kf3 Ke6 50. Rxb6+ Kd5 51. Rb5+ Kd4 52. Rb4+ Kd5 53. Ke3 Re2+ 54.
Kf3 Ra2 55. Re4 Ra3+ 56. Re3 Ra1 57. Rb3 Rc1 58. Ke3 Rc2 59. Rb5+ Kc4 60. Rb8 Kd5 61. Rd8+ Ke6 62. Re8+ Kd5 63. Rd8+ Ke6 64. Re8+ Kf7 65.
Ra8 Rc3+ 66. Ke4 Rc7 67. Kf5 Ne6 68. Rga3 Nd4+ 69. Ke4 Nb5 70. R3a5 Nd6+ 71. Kd5 Nc8 72. R5a6 Ne7+ 73. Ke4 Rc4+ 74. Kf3 f5 75. gxf5 Nxf5 76. R8a7+ Kg8 77. Ra8+ Kh7 78. Kg2 Rg4+ 79. Kf1 Rg5 80. Re8 Rxh5 81. Ra5 Rh1+ 82. Kg2 Rh5 83. Rexe5 Rg5+ 84. Kf1 Kg6 85. Ra6+ Kh7 86. Raa5 Kg6 87. Re6+ Kf7 88.
Rea6 h5 89. f4 Ne3+ 90. Ke2 Rxa5 91. Rxa5 Ng2 92. Kf3 Ne1+ 93. Ke2 Ng2 94. Kf2 Nh4 95. Rxh5 Ng6 96. Kg3 Kf6 97. Ra5 Ne7 98. Kg4 Kf7 99.
Ra7 Kf6 100. Ra6+ Kf7 101. Kg5 Kf8 102. Ra7 Kf7 103. Kg4 Kf6 104. Kf3 Kf7 105. Ke4 Kf6 106. Ra6+ Kf7 107. Ke5 Ng6+ 108. Kf5 Ne7+ 109. Kg5 Kf8 110. f5 Kf7 111. Ra7 Kf8 112. Kf4 Kf7 113. Ke5 1-0

[Event "Late-Titled-Tuesday-Blitz-April-30-2024"]
[Site "Chess.com"]
[Date "2024.04.30"]
[Round "7"]
[White "teresin05"]
[Black "yuki_chess123"]
[Result "0-1"]
[WhiteElo "2248"]
[BlackElo "2125"]
[TimeControl "180+1"]
[EndTime "15:11:23 PDT"]
[Termination "yuki_chess123 won by resignation"]

1. e4 g6 2. d4 Bg7 3. Nc3 c6 4. f4 d5 5. e5 Nh6 6. Nf3 f6 7. Be3 Bg4 8. Be2 O-O 9. Qd2 Nd7 10. O-O-O Nf5 11. Bf2 Bxf3 12. Bxf3 fxe5 13. fxe5 Bh6 0-1

[Event "Late-Titled-Tuesday-Blitz-April-30-2024"]
[Site "Chess.com"]
[Date "2024.04.30"]
[Round "7"]
[White "Perecke"]
[Black "MNyuyu"]
[Result "0-1"]
[WhiteElo "2551"]
[BlackElo "2398"]
[TimeControl "180+1"]
[EndTime "15:12:13 PDT"]
[Termination "MNyuyu won by resignation"]

1. e4 d5 2. exd5 Qxd5 3. Nc3 Qd8 4. Bc4 c6 5. d4 Nf6 6. Nf3 Bf5 7. h3 e6 8. Bf4 Be7 9. Qd2 Nbd7 10. O-O-O Bb4 11. Qe3 Bxc3 12. Qxc3 Nd5 13. Qd2 Nxf4 14. Qxf4 O-O 15. g4 Bg6 16. h4 Nb6 17. Bb3 Nd5 18. a3 Nxf4 0-1

[Event "Late-Titled-Tuesday-Blitz-April-30-2024"]
[Site "Chess.com"]
[Date "2024.04.30"]
[Round "7"]
[White "PoAslan"]
[Black "Chessmatus"]
[Result "0-1"]
[WhiteElo "2391"]
[BlackElo "2577"]
[TimeControl "180+1"]
[EndTime "15:12:47 PDT"]
[Termination "Chessmatus won by resignation"]

1. e4 c5 2. Nf3 d6 3. d4 cxd4 4. Nxd4 Nf6 5. Nc3 a6 6. Bg5 Nbd7 7. f4 Qc7 8. Qf3 h6 9. Bh4 g5 10. fxg5 hxg5 11. Bxg5 Qc5 12. Be3 Ne5 13. Qe2 Neg4 14. Bg1 Bh6 15. h3 Bf4 16. Nf5 Qb4 17. Bd4 Bxf5 18.
exf5 Bg3+ 19. Kd1 Qxd4+ 0-1

[Event "Late-Titled-Tuesday-Blitz-April-30-2024"]
[Site "Chess.com"]
[Date "2024.04.30"]
[Round "7"]
[White "DrVelja"]
[Black "HonzaVykouk"]
[Result "1-0"]
[WhiteElo "2975"]
[BlackElo "2767"]
[TimeControl "180+1"]
[EndTime "15:13:04 PDT"]
[Termination "DrVelja won by resignation"]

1. e4 c5 2. Nf3 d6 3. d4 cxd4 4. Nxd4 Nf6 5. Nc3 a6 6. Bd3 e6 7. O-O Nc6 8. Nxc6 bxc6 9. f4 d5 10. Kh1 Be7 11. Qe2 O-O 12. e5 Nd7 13. Na4 Nc5 14. Nxc5 Bxc5 15. Bd2 a5 16. Rf3 f5 17. exf6 Qxf6 18. Re1 Bd7 19. Bc3 Bd4 20. Bxh7+ Kf7 21. Bg6+ Ke7 22. Bxd4 Qxd4 23. f5 Rf6 24. fxe6 Rxe6 25.
Rf7+ 1-0

[Event "Late-Titled-Tuesday-Blitz-April-30-2024"]
[Site "Chess.com"]
[Date "2024.04.30"]
[Round "7"]
[White "FredddieCroderg"]
[Black "chessisveryfun1264"]
[Result "0-1"]
[WhiteElo "2445"]
[BlackElo "2626"]
[TimeControl "180+1"]
[EndTime "15:13:19 PDT"]
[Termination "chessisveryfun1264 won by resignation"]

1. e4 e6 2. d4 d5 3. exd5 exd5 4. Bd3 Nc6 5. c3 Bd6 6. Nf3 Nge7 7. O-O Bg4 8. Nbd2 Qd7 9. Re1 O-O-O 10. b4 Rde8 11. Qa4 Kb8 12. b5 Nd8 13. Nb3 Bxf3 14. gxf3 Qh3 15.
f4 Nf5 16. Rxe8 Nh4 0-1

[Event "Late-Titled-Tuesday-Blitz-April-30-2024"]
[Site "Chess.com"]
[Date "2024.04.30"]
[Round "7"]
[White "EsmeraldasAnderson03"]
[Black "Atanejhad"]
[Result "1-0"]
[WhiteElo "2524"]
[BlackElo "2440"]
[TimeControl "180+1"]
[EndTime "15:13:44 PDT"]
[Termination "EsmeraldasAnderson03 won by resignation"]

1. d4 d5 2. c4 e6 3. cxd5 exd5 4. Nc3 Nf6 5. Bg5 c6 6. Qc2 Be7 7. e3 O-O 8. Bd3 h6 9. Bh4 Re8 10. Nf3 Ne4 11. Bxe7 Qxe7 12. O-O Bg4 13. Ne5 Be6 14. Nxe4 dxe4 15. Bxe4 Nd7 16. Nxd7 Qxd7 17. b4 a6 18. a4 Rac8 19. Rfc1 Qe7 20. Rab1 Qg5 21. Qc5 Qf6 22.
Bf3 Red8 23. Qb6 Rd7 24. b5 axb5 25. axb5 Bd5 26. Bxd5 Rxd5 27. Qxb7 Rf8 28. bxc6 Rg5 29. c7 1-0